 Dungeon Crawl Stone Soup version 0.22-a0-412-g2b68d144a4 (webtiles) character file.

3940 Kriby the Grappler (level 10, -4/90 HPs)
             Began as a Troll Monk on May 12, 2018.
             Was a High Priest of Hepliaklqana.
             Slain by a hornet (16 damage)
             ... on level 9 of the Dungeon.
             The game lasted 00:05:14 (5940 turns).

Kriby the Grappler (Troll Monk)                     Turns: 5940, Time: 00:05:15

Health: -4/90      AC:  5    Str: 24    XL:     10   Next: 1%
Magic:  10/10      EV: 13    Int:  8    God:    Hepliaklqana [*****.]
Gold:   488        SH:  0    Dex: 12    Spells: 9/9 levels left

rFire    . . .     SeeInvis +     - Unarmed
rCold    + . .     Gourm    +   (no shield)
rNeg     . . .     Faith    .   a - +0 robe
rPois    .         Spirit   .   (helmet restricted)
rElec    .         Reflect  .   (no cloak)
rCorr    .         Harm     .   (gloves unavailable)
MR       .....                  (boots unavailable)
Stlth    +.........             (no amulet)
HPRegen  0.65/turn              e - ring of see invisible
MPRegen  0.12/turn              h - ring of protection from cold

@: slowed, very slow
A: large, unfitting armour, reduced essence, claws 3, hooves 1, clever 1, fast
metabolism 3, gourmand, regeneration 1, shaggy fur 1, tough skin 2
a: Recall Ancestor, Ancestor Identity, Transference, Idealise, Renounce Religion


You were on level 9 of the Dungeon.
You worshipped Hepliaklqana.
Hepliaklqana was extremely pleased with you.
You were not hungry.

You visited 1 branch of the dungeon, and saw 9 of its levels.

You collected 488 gold pieces.

Inventory:

Armour
 a - a +0 robe (worn)
Jewellery
 e - a ring of see invisible (left claw)
 h - a ring of protection from cold (right claw)
 q - a +3 ring of intelligence {unknown}
 u - an uncursed ring of resist corrosion {unknown}
 v - an uncursed ring of resist corrosion {unknown}
Wands
 f - a wand of clouds (1)
 i - a wand of scattershot (9)
Scrolls
 c - a scroll of immolation {unknown}
 j - 7 scrolls of identify {unknown}
 l - 3 scrolls of remove curse {unknown}
 m - a scroll of teleportation
 o - a scroll of enchant armour {unknown}
 p - a scroll of fog
 w - a scroll of amnesia {unknown}
Potions
 d - 2 potions of degeneration
 g - 2 potions of lignification
 k - a potion of haste
 r - a potion of curing
 s - 2 potions of heal wounds {unknown}
 t - a potion of flight {unknown}
Comestibles
 b - 11 rations


   Skills:
 + Level 6.4 Fighting
 + Level 6.4 Dodging
 - Level 1.0 Stealth
 * Level 10.4 Unarmed Combat
 + Level 2.3 Invocations


You had 9 spell levels left.
You didn't know any spells.
Your spell library contained the following spells:

 Spells                   Type           Power        Failure   Level  Hunger
 Spider Form              Tmut/Pois      #.........   78%         3    ####...
 Blade Hands              Tmut           #.........   100%        5    ######.
 Ice Form                 Ice/Tmut       #.......     99%         4    #####..
 Sticks to Snakes         Tmut           #.......     54%         2    ###....
 Beastly Appendage        Tmut           #.....       41%         1    ##.....


Dungeon Overview and Level Annotations

Branches:
Dungeon (9/15)             Temple (0/1) D:6
   Lair: D:8-11         Orc: D:9-12

Altars:
Cheibriados
Dithmenos
Hepliaklqana
Nemelex Xobeh
Qazlal
Ru
Sif Muna
Wu Jian
Yredelemnul
Zin
The Shining One


Innate Abilities, Weirdness & Mutations

You are too large for most types of armour.
You have claws for hands.
Your metabolism is lightning-fast.
You like to eat raw meat.
Your natural rate of healing is unusually fast.
You are covered in fur. (AC +1)
You have very tough skin. (AC +2)
Your life essence is reduced to manifest your ancestor. (-10% HP)
You have large cloven feet.
Your mind is acute. (Int +2)


Message History

You feel yourself slow down. The phantom misses you.
The hornet barely misses you.
You scratch the hornet but do no damage.
The hornet is heavily wounded.
The hornet stings you!
* * * LOW HITPOINT WARNING * * *
You feel as though you will be slow longer.
The phantom closely misses you.
Evoke which item? (* to show all) (? for menu, Esc to quit)
Aiming: Cloud Cone
Press: ? - help, Dir - move target cursor, f - hornet
Aim: a hornet (heavily wounded)
You create a blast of poison gas!
The hornet is engulfed in poison gas.
The hornet is poisoned.
The hornet closely misses you.
The hornet is engulfed in poison gas.
The hornet looks even sicker.
The hornet completely misses you.
The phantom hits you but does no damage.
Lucia hits the phantom with a flail!
The hornet is engulfed in poison gas.
The hornet looks even sicker.
The hornet stings you!
You die...

#######+###
#.........#
+.........#
#.........#
#.§.......#
#.§§§..W..#
#.§§§y@R..#
#.§§§.....+
#.§.......#
#........$#
##...######
###. .. #..


You could see the friendly Lucia the knight, a phantom and a hornet.

Vanquished Creatures
  The ghost of YoungGLord the Cleaver, a novice MiFi of Trog (D:6)
  The ghost of Kriby the Ducker, an amateur TrFi of Hepliaklqana (D:3)
  A hippogriff (D:8)
  A steam dragon (D:7)
  The ghost of stburah the Shield-Bearer, an amateur FoFi (D:4)
  Menkaure (D:5)
  Duvessa (D:4)
  2 sky beasts (D:8)
  A necrophage (D:9)
  A phantom (D:5)
  2 ice beasts
  An ogre (D:4)
  3 centaurs
  Blork the orc (D:5)
  Dowan (D:4)
  A gnoll sergeant (D:5)
  3 scorpions
  5 killer bees (D:8)
  A crimson imp (D:8)
  A centaur zombie (D:7)
  2 centaur skeletons
  An orc priest (D:4)
  A jelly (D:8)
  7 orc wizards
  An iguana (D:4)
  3 worker ants
  7 gnolls
  7 adders
  6 oozes
  An adder zombie (D:8)
  A worm (D:3)
  2 dart slugs
  2 leopard geckos
  22 orcs
  2 ball pythons
  7 bats
  3 giant cockroaches
  5 hobgoblins
  2 jackals (D:1)
  6 frilled lizards
  9 goblins
  A jackal skeleton (D:5)
  7 kobolds
  A leopard gecko skeleton (D:4)
  A quokka skeleton (D:4)
  2 rats (D:2)
139 creatures vanquished.

Vanquished Creatures (collateral kills)
  A phantom (D:4)
  A centaur (D:5)
  A water moccasin zombie (D:8)
  A killer bee (D:8)
  A hound (D:4)
  2 jellies (D:8)
  2 orc wizards (D:4)
  Jessica (D:2)
  A killer bee zombie (D:5)
  2 gnolls (D:5)
  A leopard gecko (D:5)
  6 orcs
  A hobgoblin (D:2)
  2 quokkas (D:4)
  A bat (D:2)
24 creatures vanquished.

Vanquished Creatures (others)
  3 knights
3 creatures vanquished.

Grand Total: 166 creatures vanquished

Notes
Turn   | Place    | Note
-------+----------+-------------------------------------------
     0 | D:1      | Kriby the Troll Monk began the quest for the Orb.
     0 | D:1      | Reached XP level 1. HP: 22/22 MP: 0/0
   205 | D:1      | Reached XP level 2. HP: 19/29 MP: 1/1
   565 | D:1      | Reached XP level 3. HP: 36/36 MP: 2/2
   672 | D:2      | Found a hazy altar of Hepliaklqana.
   701 | D:2      | Became a worshipper of Hepliaklqana the Forgotten
   701 | D:2      | Reached * piety under Hepliaklqana
   701 | D:2      | Reached ** piety under Hepliaklqana
   702 | D:2      | Remembered your ancestor Lucia as a knight
   737 | D:2      | Found an ornate altar of the Wu Jian Council.
   739 | D:2      | Noticed Jessica
   751 | D:2      | Killed Jessica
   751 | D:2      | Reached skill level 4 in Unarmed Combat
   751 | D:2      | Reached XP level 4. HP: 34/39 MP: 3/3
   784 | D:2      | Found a glowing silver altar of Zin.
   784 | D:2      | Found a basalt altar of Yredelemnul.
   937 | D:2      | Found a sacrificial altar of Ru.
  1706 | D:3      | Noticed Kriby's ghost (amateur TrFi)
  1727 | D:3      | Killed Kriby's ghost
  1727 | D:3      | Reached skill level 5 in Unarmed Combat
  1727 | D:3      | Reached XP level 5. HP: 47/47 MP: 4/4
  1727 | D:3      | Reached XP level 6. HP: 54/54 MP: 5/5
  2083 | D:3      | Found a glowing golden altar of the Shining One.
  2084 | D:3      | Found a shadowy altar of Dithmenos.
  2085 | D:3      | Found a deep blue altar of Sif Muna.
  2088 | D:3      | Found a sparkling altar of Nemelex Xobeh.
  2349 | D:4      | Noticed stburah's ghost (amateur FoFi)
  2350 | D:4      | Noticed Duvessa
  2350 | D:4      | Noticed Dowan
  2367 | D:4      | Killed stburah's ghost
  2367 | D:4      | Reached skill level 6 in Unarmed Combat
  2367 | D:4      | Reached XP level 7. HP: 15/63 MP: 6/6
  2508 | D:4      | Killed Duvessa
  2511 | D:4      | Killed Dowan
  2612 | D:4      | Reached skill level 7 in Unarmed Combat
  2615 | D:5      | Entered Level 5 of the Dungeon
  2652 | D:4      | Reached XP level 8. HP: 38/71 MP: 7/7
  2847 | D:4      | Reached *** piety under Hepliaklqana
  3160 | D:5      | Reached skill level 5 in Fighting
  3160 | D:5      | Reached skill level 8 in Unarmed Combat
  3203 | D:5      | Noticed Blork the orc
  3214 | D:5      | Killed Blork the orc
  3214 | D:5      | Reached skill level 5 in Dodging
  3569 | D:5      | Noticed Menkaure
  3575 | D:5      | Killed Menkaure
  3847 | D:5      | Reached XP level 9. HP: 58/79 MP: 8/8
  3911 | D:5      | Reached skill level 9 in Unarmed Combat
  4094 | D:6      | Reached **** piety under Hepliaklqana
  4096 | D:6      | Found a staircase to the Ecumenical Temple.
  4440 | D:6      | Noticed YoungGLord's ghost (novice MiFi)
  4445 | D:6      | Killed YoungGLord's ghost
  4888 | D:7      | Found a snail-covered altar of Cheibriados.
  5028 | D:7      | Reached skill level 1 in Invocations
  5269 | D:8      | Reached skill level 10 in Unarmed Combat
  5450 | D:8      | Found a basalt altar of Yredelemnul.
  5492 | D:8      | Found a stormy altar of Qazlal.
  5659 | D:8      | Reached ***** piety under Hepliaklqana
  5861 | D:8      | Gained mutation: You are frail. (-10% HP) [potion of mutation]
  5861 | D:8      | Gained mutation: You have sharp toenails. [potion of mutation]
  5864 | D:8      | Reached XP level 10. HP: 13/80 MP: 10/10
  5934 | D:8      | Lost mutation: You are frail. (-10% HP) [potion of mutation]
  5934 | D:8      | Lost mutation: You have sharp toenails. [potion of mutation]
  5934 | D:8      | Gained mutation: You have large cloven feet. [potion of mutation]
  5934 | D:8      | Gained mutation: Your mind is acute. (Int +2) [potion of mutation]
  5940 | D:9      | Slain by a hornet

Vault maps used:
D:1:      dpeg_arrival_orchard, minmay_pentomino_u2
D:2:      lemuel_crystal_altar, lemuel_doored_altar, grunt_temple_overflow_open,
          uniq_jessica
D:3:      minitemple
D:4:      first_ration, uniq_duvessa
D:5:      uniq_blork_the_orc, uniq_menkaure
D:6:      minmay_temple_entry_glass, minmay_misc_feat_iff,
          kennysheep_nondescript
D:7:      cheibriados_altar_1
D:8:      old_standard_altar, basic_altar, hangedman_little_slice_of_home,
          minmay_misc_feat_more_columns
D:9:      serial_shops, shop, nicolae_shop_waterfront, nicolae_shop_waterfront,
          shop, shop, hangedman_decor_peaks_small, evilmike_butchery

Skill      XL: |  1  2  3  4  5  6  7  8  9 |
---------------+----------------------------+-----
Unarmed Combat | 4 5 6 7 8 10 | 10.4
Dodging        | 3 4 5 6 |  6.4
Fighting       | 3 4 5 6 |  6.4
Invocations    | 2 |  2.3
Stealth        | |  1.0

Action                   |  1- 3 |  4- 6 |  7- 9 | 10-12 || total
-------------------------+-------+-------+-------+-------++-------
Melee: Unarmed           |    77 |   110 |   238 |     3 ||   428
       Punch             |     1 |     4 |    11 |       ||    16
Invok: Ancestor Life: Kn |     1 |       |       |       ||     1
       Recall Ancestor   |       |       |     1 |       ||     1
Evoke: Wand              |       |       |       |     1 ||     1
  Use: Potion            |       |     4 |     3 |     1 ||     8
       Scroll            |       |       |     2 |       ||     2
 Stab: Sleeping          |     1 |     2 |     2 |       ||     5
       Distracted        |       |       |     1 |       ||     1
  Eat: Chunk             |    12 |    15 |    27 |       ||    54
Armor: Robe              |    24 |    43 |    49 |     1 ||   117
       Skin              |       |     3 |       |       ||     3
Dodge: Dodged            |    38 |    56 |   156 |     8 ||   258

Table legend:
 A = Spawn XP
 B = Non-spawn XP
 C = Spawn XP percentage of total XP
 D = Spawn monster count
 E = Non-spawn monster count
 F = Spawn count percentage of total count
 G = Total turns spent on level
                    A         B        C        D         E        F      G
               +---------+---------+-------+---------+---------+-------+---------
         Total |       0 |    5629 |   0.0 |       0 |     163 |   0.0 |  5940
               +---------+---------+-------+---------+---------+-------+---------
           D:1 |       0 |      42 |   0.0 |       0 |      19 |   0.0 |   572
           D:2 |       0 |      74 |   0.0 |       0 |      18 |   0.0 |   480
           D:3 |       0 |     432 |   0.0 |       0 |      20 |   0.0 |  1173
           D:4 |       0 |    1245 |   0.0 |       0 |      34 |   0.0 |   815
           D:5 |       0 |    1138 |   0.0 |       0 |      33 |   0.0 |   926
           D:6 |       0 |     929 |   0.0 |       0 |       9 |   0.0 |   838
           D:7 |       0 |     438 |   0.0 |       0 |       7 |   0.0 |   431
           D:8 |       0 |    1207 |   0.0 |       0 |      22 |   0.0 |   695
           D:9 |       0 |     124 |   0.0 |       0 |       1 |   0.0 |    10
               +---------+---------+-------+---------+---------+-------+---------
